 Dungeon Crawl Stone Soup version bcrawl-1.31.4 (webtiles) character file.

Game seed: 495747761742831579

156121 Morbidden the Sneak (level 4, -1/33 HPs)
             Began as a Demonspawn Archaeologist on June 19, 2021.
             Slain by a worker ant (7 damage)
             ... on level 2 of the Dungeon.
             The game lasted 00:01:50 (1543 turns).

Morbidden the Sneak (Demonspawn Archaeologist)      Turns: 1543, Time: 00:01:50

Health: -1/33      AC:  6    Str: 12    XL:     4   Next: 43%
Magic:  4/4        EV: 13    Int: 15    God:
Gold:   53         SH:  0    Dex: 12    Spells: 3/3 levels left

rFire    . . .     SeeInvis .   a - +0 dagger
rCold    . . .     Gourm    .   (no shield)
rNeg     . . .     Faith    .   c - +1 robe
rPois    +         Spirit   .   d - +1 hat
rElec    .         Reflect  .   (no cloak)
rCorr    .         Harm     .   (no gloves)
MR       .....                  p - +1 pair of boots
Stlth    ++........             (no amulet)
HPRegen  0.11/turn              s - ring of poison resistance
MPRegen  0.09/turn              (no ring)

@: lethally poisoned (-1 -> -2)
A: powered by pain 1, rot immunity
a: no special abilities


You were on level 2 of the Dungeon.
You were hungry.

You visited 1 branch of the dungeon, and saw 2 of its levels.

You collected 53 gold pieces.

Inventory:

Hand Weapons
 a - a +0 dagger (weapon)
 b - a +0 hunting sling
 j - a +0 blowgun
Missiles
 f - 6 curare-tipped needles
 k - 275 stones (quivered)
Armour
 c - a +1 robe (worn)
 d - a +1 hat (worn)
 p - a +1 pair of boots (worn)
Jewellery
 s - a ring of poison resistance (left hand)
Scrolls
 g - a scroll of magic mapping
 i - 2 scrolls of identify
 m - a scroll of enchant armour {unknown}
 o - 2 scrolls of blinking {unknown}
 t - a scroll of teleportation {unknown}
 u - a scroll of immolation {unknown}
Potions
 l - a potion of resistance {unknown}
 n - a potion of lignification {unknown}
 q - a potion of curing {unknown}
Miscellaneous
 h - a dusty tome
Comestibles
 e - 3 rations {!d}
 r - 4 chunks of flesh


   Skills:
 * Level 2.0 Fighting
 * Level 0.9 Short Blades
   Level 0.8 Maces & Flails
 + Level 2.2 Slings
 * Level 3.2 Dodging
 + Level 3.2 Stealth


You had 3 spell levels left.
You didn't know any spells.
Your spell library was empty.

Dungeon Overview and Level Annotations

Branches:
Dungeon (2/12)

Altars:


Innate Abilities, Weirdness & Mutations

You sometimes gain a little power by taking damage.
You are immune to rotting.


Message History

The worker ant is severely wounded.
The worker ant barely misses you.
You hit the worker ant.
The worker ant is severely wounded.
The worker ant bites you.
* * * LOW HITPOINT WARNING * * *
You barely miss the worker ant.
The worker ant is severely wounded.
The worker ant misses you.
You hit the worker ant but do no damage.
The worker ant is severely wounded.
You feel sick. The worker ant closely misses you.
The worker ant barely misses you.
You barely miss the worker ant.
The worker ant is severely wounded.
The worker ant barely misses you.
You hit the worker ant but do no damage.
The worker ant is severely wounded.
The worker ant bites you!
You die...

.#....#####.#
#######.## .##..###
#.# .#
#......####.##
..###.....#..# .##
#...#.##.#### .#
###.รท...[...# .#
##......#.# ##
####......#.####
#####....####...@a.#
......####
####.#.....# #######
#.# ...## #.. ..#
.... ..# ..... .#
...... # ........


You could see a worker ant.

Vanquished Creatures
  2 adders
  3 oozes
  An adder skeleton (D:2)
  A dart slug (D:2)
  6 leopard geckos (D:1)
  2 ball pythons
  3 bats (D:1)
  2 giant cockroaches
  3 hobgoblins
  4 jackals
  6 kobolds
  A quokka (D:2)
  2 frilled lizards
  12 goblins
  4 rats
52 creatures vanquished.

Notes
Turn   | Place    | Note
-------+----------+-------------------------------------------
     0 | D:1      | Morbidden the Demonspawn Archaeologist began the quest for
                  | the Orb.
     0 | D:1      | Reached XP level 1. HP: 15/15 MP: 1/1
   317 | D:1      | Gained mutation: You are immune to rotting. [demonic
                  | ancestry]
   317 | D:1      | Reached XP level 2. HP: 21/21 MP: 2/2
   512 | D:1      | Reached skill level 1 in Slings
   512 | D:1      | Reached XP level 3. HP: 18/26 MP: 3/3
  1079 | D:1      | Gained mutation: You sometimes gain a little power by
                  | taking damage. [demonic ancestry]
  1079 | D:1      | Reached XP level 4. HP: 12/33 MP: 4/4
  1543 | D:2      | Slain by a worker ant

Skill      XL: |  1  2  3  4 |
---------------+-------------+-----
Dodging        | 3 |  3.2
Slings         | 1 2 |  2.2
Fighting       | 2 |  2.0
Short Blades   | |  0.9
Maces & Flails | |  0.8
Stealth        | |  3.2

Action                   |  1- 3 |  4- 6 || total
-------------------------+-------+-------++-------
Melee: Dagger            |    22 |    91 ||   113
       Whip              |     9 |       ||     9
 Fire: Hunting sling     |   113 |     6 ||   119
 Stab: Sleeping          |       |     2 ||     2
  Eat: Chunk             |     4 |     4 ||     8
Armor: Robe              |    32 |    19 ||    51
Dodge: Dodged            |    77 |    72 ||   149
